AoeStats
← [GN]mezdap

African Clearing

510854666Analyzed
3v3 RM · 4h ago on Oct 2, 2026· 31m 1s· 6 players
Game mode
Random Map
Map size
Normal (6 player)
Population
200
Speed
Normal
Resources
Standard
Victory
Conquest
Starting age
Dark Age
Ending age
Imperial Age
RankedLock teamsTeams togetherTeam positionsShared explorationLock speedFull tech treeHidden civsTurbo modeCheats
Victory
Defeat
🇵🇪 Huns · Peru
1469
+14
🇵🇪 Berbers · Peru
1449
+15
🇵🇪 Magyars · Peru
1296
+21
🇹🇷 Mongols · Türkiye
1425
-17
🇹🇷 Hindustanis · Türkiye
1419
-17
🇹🇷 Huns · Türkiye
1392
-16
CORP_ EuSanAoE
2:42 Loom
12:43 Feudal Age
17:23 Castle Age
26:54 Fletching
27:05 Padded Archer Armor
28:30 Double-Bit Axe
30:04 Bow Saw
ElTitanSargeras
3:45 Loom
11:47 Feudal Age
17:04 Fletching
21:40 Castle Age
21:46 Crossbowman
22:25 Bodkin Arrow
24:48 Town Watch
29:26 Ballistics
Chadi285
3:35 Loom
13:09 Feudal Age
13:53 Double-Bit Axe
17:25 Wheelbarrow
18:42 Horse Collar
24:19 Castle Age
25:06 Scale Barding Armor
25:18 Bow Saw
25:35 Bloodlines
25:52 Gold Mining
28:18 Husbandry
29:38 Town Watch
31:17 Chain Barding Armor
[GN]mezdap
12:39 Loom
14:25 Feudal Age
18:50 Castle Age
16:48 Double-Bit Axe
17:18 Horse Collar
17:52 Fletching
20:46 Bodkin Arrow
23:03 Ballistics
[GN]LAZURİ
4:53 Loom
11:40 Feudal Age
12:24 Double-Bit Axe
14:39 Forging
16:07 Bloodlines
19:55 Scale Barding Armor
22:01 Castle Age
20:45 Fletching
21:49 Scale Mail Armor
22:09 Pikeman
23:16 Chain Mail Armor
24:06 Bodkin Arrow
31:32 Wheelbarrow
[GN]Lazayeb_53
3:16 Loom
11:31 Feudal Age
16:04 Double-Bit Axe
23:06 Castle Age
21:44 Fletching
28:14 Wheelbarrow
27:56 Bow Saw
Connection lost

Rejoining the realm…

Still unreachable

The connection could not be restored.

Session expired

The server has moved on; the page needs a fresh start.